 Dungeon Crawl Stone Soup version 0.29-a0-559-g359e09b9d1 (webtiles) character file.

Game seed: 12979510306857239017

6873 zishaf the Conjurer (level 10, -7/84 HPs)
             Began as a Demigod Wanderer on June 9, 2022.
             Mangled by an orc warrior
             ... wielding a +0 long sword of electrocution
              (16 damage)
             ... on level 10 of the Dungeon.
             The game lasted 00:24:14 (12446 turns).

zishaf the Conjurer (Demigod Wanderer)             Turns: 12446, Time: 00:24:14

Health: -7/84      AC: 11    Str:  8 (10) XL:     10   Next: 50%
Magic:  19/19      EV:  9    Int: 27      God:
Gold:   386        SH:  5    Dex: 13 (15) Spells: 5/17 levels left

rFire   . . .      SeeInvis +   P - +9 mace "Fej Nad" {elec, rPois SInv}
rCold   + . .      Faith    .   G - +0 buckler
rNeg    . . .      Spirit   .   u - +2 ring mail {rC+}
rPois   +          Reflect  .   x - +1 helmet {SInv}
rElec   .          Harm     .   (no cloak)
rCorr   .          Rampage  .   (no gloves)
Will    +....                   S - +1 pair of boots {Fly}
Stlth   +.........              I - amulet of the acrobat
HPRegen 0.24/turn               f - ring of wizardry
MPRegen 0.16/turn               p - ring of poison resistance

@: flying
A: high MP 1, forlorn, divine attributes, deterioration 1
a: no special abilities


You were on level 10 of the Dungeon.
You visited 1 branch of the dungeon, and saw 10 of its levels.
You also visited: Bailey.

You collected 821 gold pieces.
You spent 435 gold pieces at shops.

Inventory:

Hand Weapons
 h - a +2 short sword of venom
 k - the +7 lajatang of Destiny {vorpal, rF+ Dex+6}
   (You acquired it on level 4 of the Dungeon)

   It inflicts extra damage upon your enemies.
   Dex:       It affects your dexterity (+6).
   rF:        It protects you from fire.
 N - a +3 broad axe
 P - the +9 mace "Fej Nad" (weapon) {elec, rPois SInv}
   (You took it off a kobold in a bailey)

   It occasionally discharges a powerful burst of electricity upon striking a
   foe.
   rPois:     It protects you from poison.
   SInv:      It lets you see invisible.
Armour
 j - a +2 robe of willpower
 u - a +2 ring mail of cold resistance (worn)
 x - a +1 helmet of see invisible (worn)
 G - a +0 buckler (worn)
 S - a +1 pair of boots of flying (worn)
Jewellery
 f - a ring of wizardry (left hand)
 i - a +6 ring of intelligence
 n - a ring of wizardry
 p - a ring of poison resistance (right hand)
 D - a ring of magical power
 I - an amulet of the acrobat (around neck)
 K - a +6 ring of dexterity
 M - an amulet of magic regeneration
 Q - a ring of flight
 R - a ring of see invisible
Wands
 r - a wand of acid (18)
 s - a wand of polymorph (10)
 w - a wand of digging (7)
 E - a wand of flame (26)
 J - a wand of mindburst (4)
Scrolls
 e - a scroll of fog
 y - 2 scrolls of immolation
 A - 3 scrolls of fear
 F - a scroll of teleportation
Potions
 a - 2 potions of magic
 b - a potion of ambrosia {unknown}
 c - a potion of heal wounds
 d - a potion of might
 g - 2 potions of curing
 m - 5 potions of flight
 o - 6 potions of resistance
 q - 2 potions of mutation
 t - 4 potions of cancellation
 v - a potion of degeneration {unknown}
 z - a potion of berserk rage {unknown}
 C - 4 potions of brilliance
 H - 2 potions of invisibility
 O - a potion of attraction {unknown}


   Skills:
 + Level 6.5 Fighting
 - Level 1.4 Short Blades
 - Level 2.9(4.0) Maces & Flails
 - Level 4.0(4.5) Staves
 - Level 1.0 Stealth
 + Level 3.5 Shields
 - Level 1.7 Unarmed Combat
 - Level 4.0 Spellcasting
 + Level 6.6 Conjurations
 - Level 5.0 Transmutations
 - Level 6.0 Fire Magic
 + Level 4.1 Earth Magic
 + Level 3.1 Evocations


You had 5 spell levels left.
You knew the following spells:

 Your Spells              Type           Power      Damage    Failure   Level
a - Inner Flame           Hex/Fire       21%        N/A       12%         3
b - Wereblood             Tmut           32%        N/A       2%          2
c - Statue Form           Tmut/Erth      20%        N/A       95%         6
A - Foxfire               Conj/Fire      100%       2x1d9     1%          1

Your spell library contained the following spells:

 Spells                   Type           Power      Damage    Failure   Level
 Beastly Appendage        Tmut           64%        N/A       1%          1
 Passwall                 Tmut/Erth      25%        N/A       3%          2
 Ignite Poison            Fire/Tmut/Pois 25%        N/A       9%          3
 Apportation              Tloc           10%        N/A       13%         1
 Necrotize                Necr           20%        1d5       13%         1
 Summon Small Mammal      Summ           20%        N/A       13%         1
 Spider Form              Tmut/Pois      18%        N/A       14%         3
 Ensorcelled Hibernation  Hex/Ice        10%        N/A       19%         2
 Petrify                  Tmut/Erth      30%        N/A       21%         4
 Swiftness                Air            5%         N/A       34%         3
 Metabolic Englaciation   Hex/Ice        2%         N/A       96%         5


Dungeon Overview and Level Annotations

Branches:
Dungeon (10/15)            Temple (0/1) D:7            Lair (0/6) D:9
 Bailey (visited)
    Orc: D:9-12

Shops:
D:4 [   D:8 (:(*


Innate Abilities, Weirdness & Mutations

You have an increased reservoir of magic. (+10% MP)
You shall have no god before yourself.
Your divine heritage dramatically boosts your attributes as you level up.
Your body sometimes deteriorates upon taking damage.


Message History

The magic dart hits you. The orc hits you but does no damage.
Casting: Foxfire (safe; 1% risk of failure)
Confirm with . or Enter, or press ? or * to list all spells.
You conjure some foxfire!
A gargoyle comes into view. It is wielding a +0 mace.
The orc hits you but does no damage. The orc barely misses you.
You hit the orc.
You kill the orc!
The foxfire hits the orc wizard.
The orc wizard is lightly wounded.
The foxfire hits the orc.
The orc is moderately wounded.
The orc hits you with a +0 club.
You hit the orc.
You kill the orc!
You barely miss the orc wizard.
The orc wizard is lightly wounded.
You block the orc warrior's attack.
You hit the orc wizard but do no damage.
Lightning courses through the orc wizard!!
You kill the orc wizard!
You block the orc's attack.
The orc warrior hits you but does no damage.
You closely miss the orc. The orc hits you but does no damage.
The orc warrior hits you with a +0 long sword of electrocution. x2
The orc misses you.
You sock the gargoyle!
The gargoyle is moderately damaged.
The gargoyle hits you with a +0 mace. The orc closely misses you.
You block the orc warrior's attack.
You barely miss the gargoyle.
The gargoyle is moderately damaged.
The gargoyle hurls a stone arrow at you.
The stone arrow hits you!
* * * LOW HITPOINT WARNING * * *
Your body deteriorates!
You feel weakened. The orc hits you with a +0 short sword.
* * * LOW HITPOINT WARNING * * *
The orc warrior hits you with a +0 long sword of electrocution!
You die...

#.. .. . #. ..
##.######...
#...........
#[.......#
#+##...)9.!.#..
#......@o......
####....o....._
#...........
###..#...#..
##.##..# . #..
#... ### ....
#..


You could see an orc warrior, a gargoyle and an orc.

Vanquished Creatures
  A death yak (D:8)
  An orc knight (Bailey)
  An elephant (D:8)
  2 hornets (D:9)
  A troll (D:9)
  5 yaks
  A yak (shapeshifter) (D:9)
  2 basilisks (D:9)
  A steam dragon (D:6)
  Edmund (D:4)
  8 orc warriors
  A water moccasin (D:9)
  2 black bears
  2 ice beasts (D:6)
  A sky beast (D:7)
  3 phantoms
  A centaur (D:8)
  2 kobold brigands
  4 necrophages
  3 bullfrogs
  A scorpion (D:6)
  3 howler monkeys (D:9)
  5 hounds
  2 gnoll shamans
  7 orc priests
  Terence (D:2)
  4 iguanas
  Ijyb (D:4)
  15 orc wizards
  9 gnolls
  8 adders
  4 worms
  A dart slug (D:1)
  34 orcs
  9 bats
  5 endoplasms
  A giant cockroach (D:4)
  16 goblins
  10 hobgoblins
  9 jackals
  26 kobolds
  2 quokkas
  11 ball pythons
  3 frilled lizards
  6 rats
236 creatures vanquished.

Vanquished Creatures (collateral kills)
  2 foxfires (D:3)
2 creatures vanquished.

Vanquished Creatures (others)
  361 foxfires
  3 fungi (D:3)
  A plant (D:9)
  7 toadstools
372 creatures vanquished.

Grand Total: 610 creatures vanquished

Notes
Turn   | Place    | Note
-------+----------+-------------------------------------------
     0 | D:1      | zishaf the Demigod Wanderer began the quest for the Orb.
     0 | D:1      | zishaf set off with the following items: a +0 dagger, a +0
                  | pair of boots, a potion of heal wounds, a +0 robe, a scroll
                  | of fog; and the following spell memorised: Foxfire; and the
                  | following spells available to memorise: Inner Flame, Ignite
                  | Poison
     0 | D:1      | Reached XP level 1. HP: 14/14 MP: 4/4
   285 | D:1      | Reached XP level 2. HP: 22/22 MP: 0/5
   648 | D:1      | Reached skill level 1 in Conjurations
   677 | D:1      | Reached skill level 1 in Fighting
  1112 | D:1      | Reached XP level 3. HP: 28/28 MP: 6/6
  1461 | D:2      | Noticed Terence
  1503 | D:2      | Killed Terence
  1504 | D:2      | Reached XP level 4. HP: 16/35 MP: 5/8
  2176 | D:2      | Reached skill level 1 in Short Blades
  3519 | D:4      | Reached XP level 5. HP: 14/41 MP: 9/9
  3761 | D:4      | Learned a level 3 spell: Inner Flame
  3764 | D:4      | Learned a level 2 spell: Wereblood
  3797 | D:4      | Identified a scroll of acquirement
  3797 | D:4      | Acquired the +7 lajatang of Destiny {vorpal, rF+ Dex+6}
  4096 | D:4      | Noticed Ijyb
  4105 | D:4      | Killed Ijyb
  4632 | D:4      | Found Keqeudea's Armour Shop.
  4638 | D:4      | Bought a +1 helmet of see invisible for 198 gold pieces
  4714 | D:4      | Noticed Edmund
  4727 | D:4      | Killed Edmund
  4728 | D:4      | Reached skill level 1 in Transmutations
  4728 | D:4      | Reached XP level 6. HP: 47/50 MP: 8/11
  4824 | D:5      | Entered Level 5 of the Dungeon
  5003 | D:5      | Reached skill level 1 in Staves
  5126 | D:5      | Reached skill level 5 in Fire Magic
  5126 | D:5      | Reached XP level 7. HP: 47/57 MP: 13/13
  6119 | D:6      | Reached XP level 8. HP: 64/66 MP: 14/14
  7172 | D:7      | Found a staircase to the Ecumenical Temple.
  7454 | D:7      | Reached skill level 5 in Conjurations
  7454 | D:7      | Reached XP level 9. HP: 62/73 MP: 15/15
  7463 | D:7      | Learned a level 6 spell: Statue Form
  7582 | D:7      | Reached skill level 5 in Fighting
  7794 | D:8      | Found Yseinigo's Antique Weapon Shoppe.
  7804 | D:8      | Bought a glowing broad axe for 189 gold pieces
  7830 | D:8      | Found Wofethu's Book Shop.
  7997 | D:8      | Found Ytsuxkah's Weapon Shoppe.
  8304 | D:8      | Found Uthrofee's General Store.
  8307 | D:8      | Bought a scroll of teleportation for 48 gold pieces
  8387 | D:9      | Noticed a two-headed ogre
  8440 | D:9      | Reached skill level 1 in Earth Magic
  8471 | D:9      | Found a flagged portal.
  8480 | Bailey   | Entered a bailey
  8511 | Bailey   | Noticed an orc knight
  8527 | Bailey   | Identified the +9 mace "Fej Nad" {elec, rPois SInv}
  8955 | Bailey   | Reached skill level 5 in Transmutations
  9017 | Bailey   | Killed an orc knight
  9018 | Bailey   | Reached skill level 1 in Maces & Flails
  9018 | Bailey   | Reached skill level 1 in Shields
  9830 | D:9      | Noticed a death yak
 10089 | D:9      | Noticed an elephant
 10131 | D:8      | Killed a death yak
 10132 | D:8      | Reached XP level 10. HP: 31/83 MP: 17/19
 10679 | D:9      | Noticed a glowing shapeshifter
 10679 | D:9      | a two-headed ogre changed into a glowing shapeshifter
 10680 | D:9      | Noticed an eye of devastation
 10680 | D:9      | a glowing shapeshifter changed into an eye of devastation
 10685 | D:9      | an eye of devastation changed into a culicivora
 10686 | D:9      | Noticed a death drake
 10686 | D:9      | a culicivora changed into a death drake
 10687 | D:9      | Noticed an elephant
 10687 | D:9      | a death drake changed into an elephant
 10695 | D:9      | Noticed a torpor snail
 10695 | D:9      | an elephant changed into a torpor snail
 10699 | D:9      | Noticed an eye of devastation
 10699 | D:9      | a torpor snail changed into an eye of devastation
 10700 | D:9      | Noticed a shining eye
 10700 | D:9      | an eye of devastation changed into a shining eye
 10702 | D:9      | Gained mutation: Your body sometimes deteriorates upon
                  | taking damage. [a shining eye]
 10704 | D:9      | Noticed a torpor snail
 10704 | D:9      | a shining eye changed into a torpor snail
 10705 | D:9      | Noticed an anaconda
 10705 | D:9      | a torpor snail changed into an anaconda
 10707 | D:9      | Noticed an eye of devastation
 10707 | D:9      | an anaconda changed into an eye of devastation
 10709 | D:9      | Noticed an elephant
 10709 | D:9      | an eye of devastation changed into an elephant
 10716 | D:9      | Noticed a cyclops
 10716 | D:9      | an elephant changed into a cyclops
 10717 | D:9      | Noticed an elephant
 10717 | D:9      | a cyclops changed into an elephant
 10720 | D:9      | an elephant changed into a jumping spider
 11038 | D:8      | Killed an elephant
 11609 | D:9      | Found a staircase to the Lair.
 12108 | D:9      | Noticed a two-headed ogre
 12111 | D:9      | Noticed a centaur warrior
 12403 | D:10     | Entered Level 10 of the Dungeon
 12435 | D:9      | Noticed a manticore
 12446 | D:10     | Mangled by an orc warrior

Illustrated notes

Levels and vault maps discovered:
D:1:      ldierk_walled_garden_2, layout_basic,
          dreamdust_ecumenical_altar_statues, st_stairs_13, minmay_heptomino_d4
D:2:      layout_basic, corexii_shack, minmay_misc_feat_tower, minmay_ruptured,
          uniq_terence
D:3:      kennysheep_six_static_rooms, layout_loops_ring,
          mainiacjoe_overflow_small_starburst, dreamdust_princess_corridor,
          minmay_gold_behind_fungi
D:4:      layout_basic, serial_shops, kennysheep_little_box, uniq_ijyb,
          uniq_edmund
D:5:      layout_basic
D:6:      layout_basic, kennysheep_opposing_triangles
D:7:      layout_rooms, zin_statuary, minmay_temple_entry_crystal_x
D:8:      layout_rooms, serial_shops, kennysheep_mini_moat, shop,
          nicolae_shop_crystal, shop
D:9:      minmay_the_grid_triangle_9x9_recursive_2_mashed
          [minmay_the_grid_triangle_9x9_prize_center,
          minmay_the_grid_triangle_9x9_skeleton,
          minmay_the_grid_triangle_9x9_wacky_v,
          minmay_the_grid_triangle_9x9_zippers_vertical], layout_gridville,
          david_lair_generic, enter_bailey_2
D:10:     layout_rooms, old_standard_altar, okawaru_gym_becter, orc_david_3,
          minmay_nine_imps

Skill      XL: |  1  2  3  4  5  6  7  8  9 10 |
---------------+-------------------------------+-----
Evocations     | 2 3 |  3.1
Conjurations   | 1 2 3 5 6 |  6.6
Fighting       | 1 2 3 4 6 |  6.5
Fire Magic     | 4 5 6 |  6.0
Short Blades   | 1 |  1.4
Spellcasting   | 2 3 4 |  4.0
Transmutations | 1 2 3 4 5 |  5.0
Staves         | 1 2 3 4 |  4.0
Earth Magic    | 3 4 |  4.1
Maces & Flails | 2 |  2.9
Shields        | 2 3 |  3.5
Stealth        | |  1.0
Unarmed Combat | |  1.7

Action                   |  1- 3 |  4- 6 |  7- 9 | 10-12 || total
-------------------------+-------+-------+-------+-------++-------
Melee: Dagger            |    22 |       |       |       ||    22
       Short sword       |    32 |    65 |       |       ||    97
       Punch             |       |     2 |       |       ||     2
       Lajatang          |       |    69 |   172 |       ||   241
       Mace              |       |       |    66 |   125 ||   191
 Cast: Foxfire           |    44 |    39 |    95 |    23 ||   201
Evoke: Wand              |       |       |    15 |     4 ||    19
  Use: Scroll            |       |     8 |    10 |     1 ||    19
       Potion            |       |       |     2 |     2 ||     4
 Stab: Sleeping          |     4 |     2 |       |       ||     6
       Paralysed         |       |       |     5 |     4 ||     9
       Invisible         |       |       |     2 |       ||     2
       Distracted        |       |       |     1 |       ||     1
Armor: Robe              |    24 |    35 |       |       ||    59
       Ring mail         |       |    34 |   130 |    60 ||   224
Dodge: Dodged            |    37 |    82 |   129 |    52 ||   300
Block: Buckler           |       |       |    17 |    35 ||    52

Table legend: (Time is in decaauts)
 A = Elapsed time spent in this place.
 B = Non-inter-level travel time spent in this place.
 C = Inter-level travel time spent in this place.
 D = Time resting spent in this place.
 E = Time spent auto-exploring this place.
 F = Levels seen in this place.
 G = Mean time per level.
                   A        B        C        D        E       F      G
               +--------+--------+--------+--------+--------+-----+--------+
         Total |  12569 |  12261 |    308 |   2922 |   6877 |  11 | 1142.6 |
       Dungeon |  11488 |  11180 |    308 |   2481 |   6590 |  10 | 1148.8 |
        Bailey |   1081 |   1081 |      0 |    441 |    286 |   1 | 1081.0 |
               +--------+--------+--------+--------+--------+-----+--------+

Top non-repeatable levels by time:
     D:8: 1865 daAuts
     D:9: 1791 daAuts
     D:4: 1437 daAuts
     D:2: 1203 daAuts
     D:5: 1184 daAuts
     D:1: 1171 daAuts
     D:6: 1129 daAuts
  Bailey: 1081 daAuts
     D:3: 1030 daAuts
     D:7: 654 daAuts
    D:10: 20 daAuts
